 Dungeon Sprint DCSS version 0.28-a0-461-g2dc4ca5097 (webtiles) character file.

Game seed: 12916769622988468423

50 MikeHunt the Magician (level 3, -1/24 HPs)
             Began as a Demonspawn Air Elementalist on Sept 14, 2021.
             Slain by a water elemental (9 damage)
             ... in the Dungeon (Sprint III: "The Ten Rune Challenge").
             The game lasted 00:02:43 (542 turns).

MikeHunt the Magician (Demonspawn Air Elementalist)  Turns: 542, Time: 00:02:44

Health: -1/24      AC:  2    Str:  8    XL:     3   Next: 55%
Magic:  5/9        EV: 12    Int: 17    God:
Gold:   20         SH:  0    Dex: 13    Spells: 5/11 levels left

rFire   . . .      SeeInvis .   (no weapon)
rCold   . . .      Faith    .   (no shield)
rNeg    . . .      Spirit   .   a - +0 robe
rPois   .          Reflect  .   (helmet restricted)
rElec   .          Harm     .   (no cloak)
rCorr   .          Rampage  .   (no gloves)
Will    .....      NoTele   +   (no boots)
Stlth   ++........              (no amulet)
HPRegen 0.08/turn               (no ring)
MPRegen 0.11/turn               (no ring)

@: engulfed (cannot breathe)
A: horns 1, demonic magic 1
a: no special abilities


You were in the Dungeon.
You visited 1 branch You collected 20 gold pieces.

Inventory:

Hand Weapons
 f - a +4 quarterstaff of chaos
Armour
 a - a +0 robe (worn)
 i - a +0 cloak
Scrolls
 h - 2 scrolls of amnesia {unknown}
 k - 2 scrolls of torment {unknown}
 l - 3 scrolls of identify
Potions
 b - a potion of curing
 d - 2 potions of haste
 e - 2 potions of magic
 j - 4 potions of mutation {unknown}
 m - a potion of lignification {unknown}


   Skills:
 - Level 1.7 Dodging
 - Level 1.7 Stealth
 * Level 4.9 Spellcasting
 + Level 3.5 Conjurations
 + Level 4.2 Air Magic


You had 5 spell levels left.
You knew the following spells:

 Your Spells              Type           Power      Damage    Failure   Level
e - Shock                 Conj/Air       68%        1d7       3%          1
m - Swiftness             Air            18%        N/A       8%          3
w - Static Discharge      Conj/Air       17%        N/A       4%          2

Your spell library contained the following spells:

 Spells                   Type           Power      Damage    Failure   Level
 Airstrike                Air            9%         N/A       26%         4


Dungeon Overview and Level Annotations

Branches:
Dungeon (1/1)

Altars:


Innate Abilities, Weirdness & Mutations

You have a pair of small horns on your head.
Spells you cast may paralyse adjacent enemies.


Message History

Malevolent energies surge around you. The water elemental hits you!
Ouch! That really hurt!
The water elemental engulfs you in water!
You slip free of the water engulfing you.
You gasp with relief as air once again reaches your lungs.
Blink to where?
Press: ? - help, Dir - move target
As you read the scroll of blinking, it crumbles to dust.
Casting: Static Discharge (safe; 4% risk of failure)
Confirm with . or Enter, or press ? or * to list all spells.
Aiming: Shock (safe; 3% risk of failure)
Press: ? - help, Shift-Dir - straight line, f - water elemental
Aim: a water elemental (lightly damaged, 83% to hit)
The zap hits the water elemental.
The water elemental resists.
The water elemental is lightly damaged.
Malevolent energies surge around you.
Things that are here:
the gnoll corpse of Crazy Yiuf; a human skeleton
Casting: Shock (safe; 3% risk of failure)
Confirm with . or Enter, or press ? or * to list all spells.
Aiming: Shock (safe; 3% risk of failure)
Press: ? - help, Shift-Dir - straight line, p - water elemental The zap hits the water elemental.
The water elemental resists.
The water elemental is lightly damaged.
The zap hits the water elemental.
The water elemental resists.
The water elemental is moderately damaged.
Malevolent energies surge around you.
Press: ? - help, v - describe, . - travel
Here: a water elemental (moderately damaged)
The floor.
Unknown command.
You aren't carrying any items that you can evoke.
Okay, then.
The water elemental misses you. The water elemental hits you.
The water elemental engulfs you in water!
You slip free of the water engulfing you.
Your lungs strain for air!
The water elemental hits you!
You die...

▓▓▓▓▓▓▓▓▓ ▓▓▓
▓<..#...#### ##.#
▓...#......#####..#
▓..##.......#..#..#
▓##.##E##E..#..#..###+#
##.##.###..##'#..#....
▓#.####.##..###...'.⌠..
▓.###.@##..####...#...#
▓#...E.##..###E...#.⌠.#
###..##÷..##.....# ..#
##..##....#......# ###
#..###..##†#.....# #..#
#.. ####....# ▓▓▓▓ ▓▓▓
▓▓▓▓▓▓


You could see a water elemental.

Vanquished Creatures
  Crazy Yiuf (D)
  A human (D)
  2 endoplasms (D)
  2 rats (D)
6 creatures vanquished.

Notes
Turn   | Place    | Note
-------+----------+-------------------------------------------
     0 | D        | MikeHunt the Demonspawn Air Elementalist began the quest
                  | for the Orb.
     0 | D        | Reached XP level 1. HP: 13/13 MP: 3/3
   135 | D        | Gained mutation: Spells you cast may paralyse adjacent
                  | enemies. [demonic ancestry]
   135 | D        | Reached XP level 2. HP: 3/19 MP: 0/7
   321 | D        | Learned a level 2 spell: Static Discharge
   410 | D        | Noticed Crazy Yiuf
   417 | D        | Killed Crazy Yiuf
   418 | D        | Gained mutation: You have a pair of small horns on your
                  | head. [demonic ancestry]
   418 | D        | Reached XP level 3. HP: 17/24 MP: 0/9
   476 | D        | Learned a level 3 spell: Swiftness
   506 | D        | Noticed a water elemental
   542 | D        | Slain by a water elemental

Illustrated notes

Levels and vault maps discovered:
D:        dungeon_sprint_mu [sprint_mu_entry_cave, sprint_mu_temple_rooms,
          sprint_mu_d1_spiders, sprint_mu_d2_genie, sprint_mu_d3_branching,
          sprint_mu_orc_legion, sprint_mu_elf_gauntlet, sprint_mu_hive_nellie,
          sprint_mu_lair_fedhas, sprint_mu_vaults_butterflies,
          sprint_mu_slime_circle, sprint_mu_shoals_kraken,
          sprint_mu_snake_twists, sprint_mu_blade_basic,
          sprint_mu_crypt_chambers, sprint_mu_tomb_spiral,
          sprint_mu_vestibule_basic, sprint_mu_gehenna_hellfire,
          sprint_mu_dis_giant, sprint_mu_tartarus_statrot,
          sprint_mu_cocytus_islands, sprint_mu_zot1]

Skill      XL: |  1  2 |
---------------+-------+-----
Air Magic      | 3 4 |  4.2
Spellcasting   | 4 |  4.9
Conjurations   | 2 3 |  3.5
Dodging        | |  1.7
Stealth        | |  1.7

Action                   || total
-------------------------++-------
Melee: Unarmed           ||     6
 Cast: Shock             ||    16
       Static Discharge  ||     3
  Use: Potion            ||     2
       Scroll            ||     1
Dodge: Dodged            ||     5

Table legend: (Time is in decaauts)
 A = Elapsed time spent in this place.
 B = Non-inter-level travel time spent in this place.
 C = Inter-level travel time spent in this place.
 D = Time resting spent in this place.
 E = Time spent auto-exploring this place.
 F = Levels seen in this place.
 G = Mean time per level.
                   A        B        C        D        E       F      G
               +--------+--------+--------+--------+--------+-----+--------+
         Total |    548 |    548 |      0 |    407 |      0 |   1 |  548.0 |
       Dungeon |    548 |    548 |      0 |    407 |      0 |   1 |  548.0 |
               +--------+--------+--------+--------+--------+-----+--------+

Top non-repeatable levels by time:
       D: 548 daAuts
